 Dungeon Crawl Stone Soup version 0.29-b1-12-g9e2288ab2a (webtiles) character file.

Game seed: 5001192878524977854

307 slphil the Grave Robber (level 6, -2/37 (42) HPs)
             Began as a Demonspawn Necromancer on Aug 23, 2022.
             Slain by an orc
             ... wielding a +0 trident
              (3 damage)
             ... on level 4 of the Dungeon.
             The game lasted 00:07:31 (4209 turns).

slphil the Grave Robber (Demonspawn Necromancer)    Turns: 4209, Time: 00:07:32

HP:   -2/37 (42)    AC:  6    Str: 17 (18) XL:     6   Next: 16%
MP:   12/12         EV: 16    Int: 17 (18) God:
Gold: 183           SH:  0    Dex: 11 (12) Spells: 5/13 levels left

rFire   . . .      SeeInvis .   a - +1 long sword (freeze)
rCold   . . .      Faith    .   (no shield)
rNeg    . . .      Spirit   .   l - +0 robe
rPois   .          Reflect  .   (no helmet)
rElec   .          Harm     .   (no cloak)
rCorr   .          Rampage  .   (no gloves)
Will    .....                   f - +0 pair of boots
Stlth   ++........              (no amulet)
HPRegen 0.12/turn               y - +6 ring of strength
MPRegen 0.13/turn               s - +4 ring of evasion

@: heavily drained
A: thin metallic scales 2, ignite blood 1, mutation resistance 1, strong 1,
sturdy frame 1
a: no special abilities


You were on level 4 of the Dungeon.
You visited 1 branch of the dungeon, and saw 4 of its levels.

You collected 183 gold pieces.

Inventory:

Hand Weapons
 a - a +1 long sword of freezing (weapon)
 e - a +0 spear
Armour
 f - a +0 pair of boots (worn)
 l - a +0 robe (worn)
Magical Staves
 b - a staff of death
Jewellery
 k - a ring of resist corrosion
 s - a +4 ring of evasion (right hand)
 y - a +6 ring of strength (left hand)
Scrolls
 c - a scroll of teleportation {unknown}
 d - a scroll of poison {unknown}
 i - 3 scrolls of identify {unknown}
 j - 2 scrolls of enchant armour {unknown}
 n - 2 scrolls of immolation {unknown}
 o - a scroll of blinking {unknown}
 u - a scroll of magic mapping {unknown}
 w - a scroll of noise {unknown}
 x - 2 scrolls of vulnerability {unknown}
Potions
 g - a potion of flight {unknown}
 h - a potion of curing {unknown}
 m - 3 potions of magic
 p - a potion of mutation
 q - 2 potions of degeneration
 r - a potion of resistance {unknown}
 t - a potion of attraction {unknown}
 v - a potion of might {unknown}
 z - a potion of heal wounds {unknown}


   Skills:
 + Level 0.3 Fighting
 + Level 0.2 Staves
 - Level 1.7 Dodging
 - Level 1.7 Stealth
 + Level 4.3 Spellcasting
 + Level 6.5 Necromancy
 + Level 0.3 Evocations


You had 5 spell levels left.
You knew the following spells:

 Your Spells              Type           Power      Damage    Failure   Level
a - Necrotise             Necr           100%       1d9       1%          1
b - Vampiric Draining     Necr           25%        2d7       3%          3
c - Animate Dead          Necr           25%        N/A       11%         4

Your spell library contained the following spells:

 Spells                   Type           Power      Damage    Failure   Level
 Sublimation of Blood     Necr           25%        N/A       1%          2
 Freeze                   Ice            12%        1d4       16%         1
 Shock                    Conj/Air       12%        1d3       16%         1
 Agony                    Necr           25%        N/A       28%         5
 Frozen Ramparts          Ice            6%         1d1       41%         3
 Swiftness                Air            3%         N/A       41%         3
 Airstrike                Air            1%         2d(1-17)  83%         4
 Hailstorm                Conj/Ice       3%         3d3       83%         4
 Petrify                  Tmut/Erth      3%         N/A       83%         4
 Irradiate                Conj/Tmut      1%         3d12      99%         5
 Chain Lightning          Conj/Air       1%         3d2       100%        9
 Fire Storm               Conj/Fire      1%         8d1       100%        9
 Shatter                  Erth           1%         3d6*      100%        9


Dungeon Overview and Level Annotations

Branches:
Dungeon (4/15)
 Temple: D:4-7

Altars:
Fedhas
Qazlal
Uskayaw
Xom


Innate Abilities, Weirdness & Mutations

You are mostly covered in thin metallic scales. (AC +3)
Your demonic aura sometimes causes spilled blood to erupt in flames.
You are somewhat resistant to further mutation.
Your muscles are strong. (Str +4, Int/Dex -1)
Your movements are slightly less encumbered by armour. (ER -2)


Message History

The necrophage hits you but does no damage.
The orc hits you but does no damage. The necrophage closely misses you.
You completely miss the necrophage. The necrophage closely misses you.
The orc hits you from afar with a +0 trident.
You hit the necrophage but do no damage.
The necrophage hits you but does no damage.
The orc barely misses you. The orc closely misses you. The necrophage hits you.
You feel drained.
You hit the necrophage.
The necrophage is lightly damaged.
The necrophage barely misses you. The orc barely misses you.
You barely miss the necrophage.
The necrophage is lightly damaged.
The necrophage hits you. The orc completely misses you.
You closely miss the necrophage.
The necrophage is lightly damaged.
The necrophage closely misses you. The orc misses you. The necrophage hits you.
You feel drained. The orc completely misses you.
You slash the necrophage!
The necrophage is moderately damaged.
The necrophage misses you. The orc misses you.
You hit the necrophage.
The necrophage is heavily damaged.
The orc hits you from afar with a +0 trident.
The necrophage hits you.
* * * LOW HITPOINT WARNING * * *
You feel drained.
* * * LOW HITPOINT WARNING * * *
The orc misses you. The necrophage hits you.
* * * LOW HITPOINT WARNING * * *
You hit the necrophage.
The necrophage is heavily damaged.
The orc hits you but does no damage. The necrophage hits you.
* * * LOW HITPOINT WARNING * * *
You feel drained.
You slash the necrophage!
The necrophage is severely damaged.
The necrophage barely misses you.
The orc hits you from afar with a +0 trident.
You die...

##..##........##.##.#
##..####...##.##.##.#
##.......#........#.#
....#####.####.###..#
##..# #......# #..#
##..# ######.###.##
....# ##...## ###.#
##.## ###.# #@# ....#
#####n### #####
#...oo..########
#.###.#........#
#)########.# #.#
.........# .......#.#
...n)!. .#


You could see a necrophage and 2 orcs.

Vanquished Creatures
  A scorpion (D:4)
  An orc wizard (D:4)
  Natasha (thrice) (D:3)
  5 adders
  An ufetubus (D:4)
  2 dart slugs
  13 orcs
  8 ball pythons
  6 bats
  2 endoplasms (D:1)
  11 giant cockroaches
  4 goblins
  6 hobgoblins
  3 jackals (D:1)
  2 kobolds
  3 quokkas
  3 frilled lizards
  3 rats
77 creatures vanquished.

Vanquished Creatures (collateral kills)
  A frilled lizard (D:2)
  2 rats
  A butterfly (D:3)
4 creatures vanquished.

Grand Total: 81 creatures vanquished

Notes
Turn   | Place    | Note
-------+----------+-------------------------------------------
     0 | D:1      | slphil the Demonspawn Necromancer began the quest for the
                  | Orb.
     0 | D:1      | Reached XP level 1. HP: 13/13 MP: 3/3
   236 | D:1      | Gained mutation: You are partially covered in thin metallic
                  | scales. (AC +2) [demonic ancestry]
   236 | D:1      | Reached XP level 2. HP: 16/19 MP: 0/5
  1084 | D:2      | Reached skill level 5 in Necromancy
  1084 | D:2      | Gained mutation: You are mostly covered in thin metallic
                  | scales. (AC +3) [demonic ancestry]
  1084 | D:2      | Reached XP level 3. HP: 18/24 MP: 2/7
  1663 | D:2      | Reached XP level 4. HP: 30/30 MP: 1/8
  2086 | D:3      | Found a shimmering altar of Xom.
  2125 | D:3      | Noticed Natasha
  2132 | D:3      | Killed Natasha
  2290 | D:3      | Noticed Natasha
  2311 | D:3      | Killed Natasha
  2315 | D:3      | Gained mutation: Your demonic aura sometimes causes spilled
                  | blood to erupt in flames. [demonic ancestry]
  2315 | D:3      | Reached XP level 5. HP: 35/35 MP: 3/10
  2418 | D:3      | Found a hide-covered altar of Uskayaw.
  2418 | D:3      | Noticed a +0 dagger
  2418 | D:3      | Noticed a +0 dagger
  2766 | D:3      | Reached skill level 6 in Necromancy
  2822 | D:3      | Found a blossoming altar of Fedhas.
  2878 | D:3      | Noticed Natasha
  2885 | D:3      | Killed Natasha
  3126 | D:4      | Gained mutation: Your movements are slightly less
                  | encumbered by armour. (ER -2) [potion of mutation]
  3126 | D:4      | Gained mutation: You are somewhat resistant to further
                  | mutation. [potion of mutation]
  3126 | D:4      | Gained mutation: Your muscles are strong. (Str +4, Int/Dex
                  | -1) [potion of mutation]
  3459 | D:4      | Found a stormy altar of Qazlal.
  3460 | D:4      | Noticed a water elemental
  3461 | D:4      | Noticed an air elemental
  3461 | D:4      | Noticed a fire elemental
  3551 | D:4      | Learned a level 3 spell: Vampiric Draining
  3556 | D:4      | Learned a level 4 spell: Animate Dead
  3677 | D:4      | Reached XP level 6. HP: 35/41 MP: 12/12
  4208 | D:4      | HP: 1/38 [necrophage (5)]
  4209 | D:4      | Slain by an orc

Illustrated notes

Levels and vault maps discovered:
D:1:      psy_arrival_radial02, layout_rooms
D:2:      minmay_roachtagon, layout_basic, shapermc_ecumenical_altar_petra
D:3:      layout_loops_cross, xom_butterflies, dancing_weapons_uskayaw,
          mainiacjoe_overflow_catwalk, grunt_ministairs_10, minmay_cupped,
          uniq_natasha
D:4:      layout_loops_ring, nicolae_qazlal_style_of_elements,
          amethyst_overflow_temple_binary

Skill      XL: |  1  2  3  4  5 |
---------------+----------------+-----
Necromancy     | 5 6 |  6.5
Spellcasting   | 3 4 |  4.3
Fighting       | |  0.3
Staves         | |  0.2
Dodging        | |  1.7
Stealth        | |  1.7
Evocations     | |  0.3

Action                   |  1- 3 |  4- 6 || total
-------------------------+-------+-------++-------
Melee: Spear             |    14 |       ||    14
       Long sword        |     9 |    33 ||    42
 Cast: Necrotise         |    63 |    71 ||   134
  Use: Potion            |       |     5 ||     5
 Stab: Sleeping          |     1 |     3 ||     4
Armor: Robe              |    12 |    15 ||    27
Dodge: Dodged            |    22 |    57 ||    79
